 Dungeon Crawl Stone Soup version 0.28.0-45-g0d030f2227 (webtiles) character file.

Game seed: 8458399230292617304

21886 mortz the Zephyrmancer (level 13, 0/83 HPs)
             Began as a Human Air Elementalist on Apr 11, 2022.
             Was a Believer of Sif Muna.
             Killed from afar by a swamp worm (19 damage)
             ... with a harpoon shot
             ... on level 1 of the Lair of Beasts on Apr 12, 2022.
             The game lasted 02:25:08 (25280 turns).

mortz the Zephyrmancer (Human Air Elementalist)    Turns: 25280, Time: 02:25:09

Health: 0/83       AC: 12    Str:  9    XL:     13   Next: 23%
Magic:  4/27       EV: 12    Int: 19    God:    Sif Muna [**....]
Gold:   750        SH:  4    Dex: 15    Spells: 14/32 levels left

rFire   . . .      SeeInvis .   l - +5 war axe {axe}
rCold   . . .      Faith    .   X - +0 buckler
rNeg    . . .      Spirit   .   d - +0 troll leather armour
rPois   .          Reflect  .   g - +0 helmet
rElec   .          Harm     .   u - +1 cloak
rCorr   .          Rampage  .   o - +1 pair of gloves
Will    +....                   S - +1 pair of boots
Stlth   ++........              (no amulet)
HPRegen 1.03/turn               Q - ring of willpower
MPRegen 0.20/turn               t - ring of wizardry

@: no status effects
A: no striking features
a: Renounce Religion, Channel Magic


You were on level 1 of the Lair of Beasts.
You worshipped Sif Muna.
Sif Muna was pleased with you.
You visited 3 branches of the dungeon, and saw 14 of its levels.

You collected 750 gold pieces.


   Skills:
 + Level 2.0 Fighting
 + Level 0.1(1.0) Axes
 + Level 1.7(1.8) Polearms
 + Level 3.2 Armour
 + Level 3.9 Dodging
 + Level 4.2 Stealth
 + Level 1.7 Shields
 + Level 10.4 Spellcasting
 + Level 5.2 Conjurations
 * Level 3.6 Hexes
 + Level 2.4 Translocations
 * Level 2.5 Fire Magic
 + Level 13.9 Air Magic
 * Level 6.6 Invocations


You had 14 spell levels left.
You knew the following spells:

 Your Spells              Type           Power      Damage    Failure   Level
a - Shock                 Conj/Air       100%       1d9       1%          1
b - Static Discharge      Conj/Air       46%        N/A       1%          2
c - Poisonous Vapours     Pois/Air       72%        N/A       1%          2
d - Airstrike             Air            29%        N/A       1%          4
e - Blink                 Tloc           38%        N/A       3%          2
f - Inner Flame           Hex/Fire       21%        N/A       4%          3
g - Sticky Flame          Conj/Fire      24%        2d5       11%         4

Your spell library contained the following spells:

 Spells                   Type           Power      Damage    Failure   Level
 Corpse Rot               Necr/Air       72%        N/A       1%          2
 Swiftness                Air            58%        N/A       1%          3
 Tukima's Dance           Hex            23%        N/A       3%          3
 Portal Projectile        Hex/Tloc       42%        N/A       4%          3
 Gell's Gravitas          Tloc           19%        N/A       6%          3
 Lesser Beckoning         Tloc           19%        N/A       6%          3
 Teleport Other           Tloc           19%        N/A       6%          3
 Cause Fear               Hex            11%        N/A       12%         4
 Ozocubu's Armour         Ice            9%         N/A       16%         3
 Passage of Golubria      Tloc           19%        N/A       19%         4
 Dispel Undead            Necr           9%         3d8       45%         4
 Petrify                  Tmut/Erth      9%         N/A       45%         4
 Manifold Assault         Tloc           19%        N/A       45%         5
 Metabolic Englaciation   Hex/Ice        8%         N/A       52%         5
 Yara's Violent Unravell  Hex/Tmut       8%         3d5       52%         5
 Blade Hands              Tmut           4%         N/A       78%         5
 Excruciating Wounds      Necr           4%         N/A       78%         5
 Simulacrum               Ice/Necr       4%         N/A       100%        6
 Statue Form              Tmut/Erth      6%         N/A       100%        6
 Dragon Form              Tmut           4%         N/A       100%        7
 Enfeeble                 Hex            11%        N/A       100%        7
 Dragon's Call            Summ           4%         N/A       100%        9

Inventory:

Hand Weapons
 c - a +1 dagger of holy wrath {short}
   (You took it off a kobold on level 12 of the Dungeon)
 h - a +1 great mace of holy wrath {mace}
   (You took it off a two-headed ogre on level 8 of the Dungeon)
 l - a +5 war axe (weapon) {axe}
   (You took it off Urug on level 11 of the Dungeon)
 m - a +3 halberd {polearm}
   (You took it off a wight on level 10 of the Dungeon)
 n - a +3 halberd {polearm}
   (You took it off a wight on level 10 of the Dungeon)
 z - a +1 whip of pain {mace}
   (You took it off an orc on level 10 of the Dungeon)
 F - a +1 dagger of chaos {short}
   (You took it off a crimson imp on level 9 of the Dungeon)
 N - a +3 vorpal trident {polearm}
   (You took it off a gnoll sergeant on level 7 of the Dungeon)
 W - a +2 scimitar of holy wrath {long}
   (You took it off an orc warrior on level 9 of the Dungeon)
Missiles
 i - a throwing net {=f!fthrowing}
 P - 20 poisoned darts {throwing}
Armour
 b - +0 steam dragon scales
   (You found it on level 8 of the Dungeon)
 d - a +0 troll leather armour (worn)
   (You found it on level 11 of the Dungeon)
 g - a +0 helmet (worn)
   (You found it on level 1 of the Dungeon)
 o - a +1 pair of gloves (worn)
   (You found it on level 2 of the Dungeon)
 u - a +1 cloak (worn)
   (You found it on level 10 of the Dungeon)
 y - a +1 leather armour of poison resistance
   (You found it on level 4 of the Dungeon)
 H - a scarf of harm
   (You found it on level 1 of the Lair of Beasts)
 O - a +0 kite shield
   (You took it off a gnoll sergeant on level 7 of the Dungeon)
 S - a +1 pair of boots (worn)
   (You found it on level 7 of the Dungeon)
 T - a +0 leather armour of cold resistance
   (You found it on level 8 of the Dungeon)
 X - a +0 buckler (worn)
   (You took it off a gnoll sergeant on level 9 of the Dungeon)
Jewellery
 e - an amulet of magic regeneration {@e2}
   (You found it on level 11 of the Dungeon)
 j - the amulet "Zevuithro" {Reflect rC+ rCorr SH+5}
   (You found it on level 1 of the Lair of Beasts)

   [amulet of reflection]

   It reflects blocked missile attacks.
   rC:        It protects you from cold.
   rCorr:     It protects you from acid and corrosion.
   SH:        It affects your SH (+5).
 q - a ring of flight
   (You found it on level 4 of the Dungeon)
 t - a ring of wizardry (right hand)
   (You found it on level 10 of the Dungeon)
 M - an amulet of reflection
   (You found it on level 6 of the Dungeon)
 Q - a ring of willpower (left hand)
   (You took it off a kobold brigand on level 7 of the Dungeon)
Wands
 A - a wand of iceblast (14)
   (You found it on level 4 of the Dungeon)
 D - a wand of paralysis (7)
   (You found it on level 11 of the Dungeon)
 J - a wand of flame (13)
   (You took it off an orc on level 6 of the Dungeon)
Scrolls
 a - 3 scrolls of enchant weapon
 k - 2 scrolls of holy word
 p - 2 scrolls of amnesia
 s - 2 scrolls of brand weapon
 v - 3 scrolls of identify {@r1}
 B - 2 scrolls of immolation {!r!r}
 G - 3 scrolls of magic mapping {!r}
 K - 6 scrolls of vulnerability {!r!r}
Potions
 f - 2 potions of curing {@q1}
 r - a potion of flight
 w - 4 potions of attraction {!q}
 x - 2 potions of cancellation
 C - a potion of might
 E - 2 potions of mutation {!q}
 U - 2 potions of resistance
 Z - a potion of haste {@q3}

Dungeon Overview and Level Annotations

Branches:
Dungeon (12/15)            Temple (1/1) D:7            Lair (1/6) D:10
    Orc (0/2) D:10

Altars:
Ashenzari
Cheibriados
Dithmenos
Elyvilon
Fedhas
Gozag
Hepliaklqana
Kikubaaqudgha
Makhleb
Nemelex Xobeh
Okawaru
Qazlal
Ru
Sif Muna
Trog
Uskayaw
Vehumet
Wu Jian
Xom
Yredelemnul
Zin
The Shining One

Shops:
D:3 :

Annotations:
D:6 Menkaure
D:10 exclusions: death yak, queen bee and ugly thing
Lair:1 2 runed translucent doors, zeratav's ghost, journeyman MiBe

######## ..# #.#
#.# #.# #.#
#####.# #.P##.##
#.⌠..@.#
#..8...#
#.⌠w...#
##.w#...##
#P.......######
##..#...≈≈≈≈≈.#
#####.≈≈≈≈≈≈≈###
##≈≈≈≈###≈≈≈≈##
.. #≈≈≈###
###≈≈≈##


You could see a tyrant leech and a swamp worm.


Message History

Your mp is fully restored (27).
E - 2 potions of mutation {!q} (gained 1)
You enter the shallow water.
Moving in this stuff is going to be slow.
A swamp worm comes into view.
The swamp worm bites the plant!
The plant begins to die.
Aiming: Airstrike (safe; 1% risk of failure)
Press: ? - help, Q - select action, (/) - cycle Dir - move target, f - swamp worm
Aim: a swamp worm (empty space bonus: 2/8)
The air twists around and strikes the swamp worm.
The swamp worm bites the plant!! 😎 MP[-4]
You lost 4 mp, and now have 23/27 mp.
Aiming: Airstrike (safe; 1% risk of failure)
Press: ? - help, Q - select action, (/) - cycle Dir - move target, f/p - swamp worm
Aim: a swamp worm (lightly wounded, empty space bonus: 2/8)
The air twists around and strikes the swamp worm! 😎 MP[-4]
You lost 4 mp, and now have 19/27 mp.
Aiming: Airstrike (safe; 1% risk of failure)
Press: ? - help, Q - select action, (/) - cycle Dir - move target, f - tyrant leech
Aim: a tyrant leech (empty space bonus: 2/8)
The air twists around and strikes the tyrant leech! 😎 MP[-4]
You lost 4 mp, and now have 15/27 mp.
Aiming: Airstrike (safe; 1% risk of failure)
Press: ? - help, Q - select action, (/) - cycle Dir - move target, f/p - tyrant leech
Aim: a tyrant leech (lightly wounded, empty space bonus: 2/8)
The air twists around and strikes the tyrant leech! 😎 MP[-4]
You lost 4 mp, and now have 11/27 mp.
Aiming: Airstrike (safe; 1% risk of failure)
Press: ? - help, Q - select action, (/) - cycle Dir - move target, f/p - tyrant leech
Aim: a tyrant leech (moderately wounded, empty space bonus: 1/8)
The air twists around and strikes the tyrant leech!
A nearby plant withers and dies.
A swamp worm comes into view. 😎 MP[-3]
You lost 3 mp, and now have 8/27 mp.
Aiming: Airstrike (safe; 1% risk of failure)
Press: ? - help, Q - select action, (/) - cycle Dir - move target, f/p - tyrant leech
Aim: a tyrant leech (heavily wounded, empty space bonus: 1/8)
Okay, then.
Aiming: Airstrike (safe; 1% risk of failure)
Press: ? - help, Q - select action, (/) - cycle Dir - move target, f - swamp worm, p - tyrant leech
Aim: a swamp worm (heavily wounded, empty space bonus: 2/8)
The air twists around and strikes the swamp worm!
The swamp worm bites the plant!!
The plant begins to die. 😎 MP[-4]
You lost 4 mp, and now have 4/27 mp.
Aiming: Airstrike (safe; 1% risk of failure)
Press: ? - help, Q - select action, (/) - cycle Dir - move target, f/p - swamp worm
Aim: a swamp worm (almost dead, empty space bonus: 1/8)
The air twists around and strikes the swamp worm!
You kill the swamp worm!
Sif Muna accepts your kill.
A swamp worm comes into view. 😎 MP[-4]
You lost 4 mp, and now have 0/27 mp.
The tyrant leech bites the plant!
The tyrant leech bites the plant!!
The plant begins to die.
The tyrant leech bites the plant. 😎 MP[+1]
A nearby plant withers and dies.
The tyrant leech bites the plant!
A nearby plant withers and dies. 😎 MP[+1]
You start removing your amulet.
You continue taking off the amulet "Zevuithro" {Reflect rC+ rCorr SH+5}. x2
The tyrant leech closely misses you.
You continue taking off the amulet "Zevuithro" {Reflect rC+ rCorr SH+5}.
The tyrant leech bites you!
The tyrant leech draws strength from your injuries!
You continue taking off the amulet "Zevuithro" {Reflect rC+ rCorr SH+5}.
You finish taking off the amulet "Zevuithro" {Reflect rC+ rCorr SH+5}. 😕 HP[-6] MP[+1]
You take 6 damage, and now have 77/83 hp.
The swamp worm bites you! The tyrant leech bites you!!
* * * LOW HITPOINT WARNING * * *
The tyrant leech draws strength from your injuries!
The swamp worm barely misses you. 😨 HP[-42]
You take 42 damage, and now have 35/83 hp.
MASSIVE DAMAGE!! (PAUSE)
The swamp worm bites you but does no damage. 😨 HP[+1]
The swamp worm fires a harpoon shot at you.
The harpoon shot hits you!
* * * LOW HITPOINT WARNING * * *
You are yanked forward by the harpoon shot.
The tyrant leech bites you!
* * * LOW HITPOINT WARNING * * *
The tyrant leech draws strength from your injuries! 😱 HP[-20]
You take 20 damage, and now have 16/83 hp.
MASSIVE DAMAGE!! (PAUSE) 😱 HP[+1] MP[+1] 😱 HP[+1]
The swamp worm fires a harpoon shot at you.
The harpoon shot hits you!!
You die...

Skill      XL: |  1  2  3  4  5  6  7  8  9 10 11 12 13 |
---------------+----------------------------------------+-----
Air Magic      | 4 5 7 9 10 12 13 | 13.9
Spellcasting   | 3 4 5 6 7 9 10 | 10.4
Conjurations   | 2 3 4 5 |  5.2
Armour         | 1 2 3 |  3.2
Polearms       | 1 |  1.7
Stealth        | 3 4 |  4.2
Dodging        | 3 |  3.9
Fighting       | 1 2 |  2.0
Invocations    | 2 3 4 6 |  6.6
Shields        | 1 |  1.7
Hexes          | 2 3 |  3.6
Translocations | 2 |  2.4
Fire Magic     | 2 |  2.5
Axes           | |  0.1

Action                   |  1- 3 |  4- 6 |  7- 9 | 10-12 | 13-15 || total
-------------------------+-------+-------+-------+-------+-------++-------
Melee: Unarmed           |     3 |       |       |       |       ||     3
       Trident           |       |    15 |    23 |    12 |       ||    50
       War axe           |       |       |       |     1 |       ||     1
 Cast: Shock             |    45 |   117 |   175 |    11 |       ||   348
       Static Discharge  |     2 |    21 |    75 |    33 |     4 ||   135
       Airstrike         |       |       |     6 |   286 |    75 ||   367
       Sticky Flame      |       |       |       |     1 |       ||     1
       Inner Flame       |       |       |       |     1 |       ||     1
Evoke: Wand              |       |       |       |     2 |       ||     2
  Use: Scroll            |       |     6 |     3 |    18 |       ||    27
       Potion            |       |       |       |     7 |       ||     7
Armor: Robe              |       |     2 |       |       |       ||     2
       Leather armour    |       |     3 |    28 |       |       ||    31
       Steam dragon scal |       |       |     1 |    27 |       ||    28
       Troll leather arm |       |       |       |    35 |    14 ||    49
Dodge: Dodged            |     7 |    23 |    60 |   123 |    13 ||   226
Block: Other             |       |       |    12 |     7 |       ||    19
       Reflection        |       |       |     1 |       |       ||     1
       Buckler           |       |       |       |    45 |    15 ||    60

Levels and vault maps discovered:
D:1:      amcnicky_arrival_flooded_fountain, layout_basic,
          minmay_strange_pillars, chequers_serial_rivers_room_a,
          minmay_misc_feat_room, chequers_serial_rivers_micro_b
D:2:      layout_basic, minmay_misc_feat_ornament, uniq_jessica
D:3:      layout_basic, mainiacjoe_overflow_cross_hatched,
          dreamdust_ecumenical_altar_statues, serial_rivers,
          chequers_serial_rivers_marsh, chequers_serial_rivers_marsh,
          chequers_serial_rivers_large_a, chequers_serial_rivers_micro_e,
          serial_shops, shop
D:4:      layout_basic
D:5:      layout_layer_cave, cheibrodos_sewer_entry_drain, kennysheep_boxes
D:6:      layout_loops_cross, uniq_menkaure, uniq_blork_the_orc
D:7:      layout_cave_pools, lemuel_coloured_pillars_altar, enter_bailey_6
D:8:      layout_gridville, chequers_temple_overflow_statue_of_worship
D:9:      layout_grid_maze, led_xom_imps, nicolae_ru_great_annihilating_truth,
          fountainhead
D:10:     layout_basic, kennysheep_mini, dpeg_lair_monsters, special_room
          [special_room_bee]
D:11:     layout_cross, uniq_urug
D:12:     layout_basic, serial_shops, nicolae_shop_statue_plus, uniq_jorgrun,
          uniq_gastronok
Temple:   cyrus_circular_temple
Lair:1:   gammafunk_indiana_jones, layout_loops_ring, gammafunk_ghost_grave,
          dreamdust_deal_with_the_devil, worms_lemuel

Notes
Turn   | Place    | Note
-------+----------+-------------------------------------------
     0 | D:1      | mortz the Human Air Elementalist began the quest for the
                  | Orb.
     0 | D:1      | Reached XP level 1. HP: 13/13 MP: 3/3
     0 | D:1      | magus.rc [v1.9.6]
   104 | D:1      | HP: 3/13 [gnoll/+0 whip (3)]
   106 | D:1      | Reached XP level 2. HP: 4/19 MP: 0/5
   355 | D:1      | Learned a level 2 spell: Static Discharge
   810 | D:1      | Reached XP level 3. HP: 24/24 MP: 4/6
  1646 | D:2      | Noticed Jessica
  1655 | D:2      | Killed Jessica
  1656 | D:2      | Reached XP level 4. HP: 28/30 MP: 0/7
  2234 | D:2      | You pick up a book of Displacement and begin reading...
  2234 | D:2      | You add the spells Lesser Beckoning, Gell's Gravitas and
                  | Teleport Other to your library.
  2436 | D:3      | Found Kaunton's Book Shoppe.
  2463 | D:3      | Reached skill level 4 in Air Magic
  2751 | D:3      | Reached XP level 5. HP: 35/35 MP: 5/9
  3017 | D:3      | Found a hide-covered altar of Uskayaw.
  3021 | D:3      | Found a faded altar of an unknown god.
  3794 | D:4      | Reached skill level 3 in Spellcasting
  4087 | D:4      | HP: 6/35 [gnoll/+0 flail (7)]
  4090 | D:4      | Reached XP level 6. HP: 7/41 MP: 0/11
  4746 | D:4      | Reached skill level 2 in Conjurations
  5111 | D:4      | magus.rc [v1.9.6]
  5122 | D:5      | Entered Level 5 of the Dungeon
  5144 | D:5      | Reached skill level 5 in Air Magic
  5155 | D:5      | Noticed a black bear
  5408 | D:5      | You pick up a book of the Dragon and begin reading...
  5408 | D:5      | You add the spells Cause Fear, Dragon Form and Dragon's
                  | Call to your library.
  5424 | D:5      | Reached skill level 1 in Armour
  5633 | D:5      | Reached XP level 7. HP: 45/46 MP: 4/12
  5873 | D:5      | Reached skill level 3 in Conjurations
  6047 | D:5      | You pick up a book of Vapours and begin reading...
  6047 | D:5      | You add the spells Poisonous Vapours and Corpse Rot to your
                  | library.
  6053 | D:5      | Learned a level 2 spell: Poisonous Vapours
  6381 | D:5      | magus.rc [v1.9.6]
  6427 | D:5      | magus.rc [v1.9.6]
  6485 | D:5      | Reached skill level 4 in Spellcasting
  6711 | D:5      | Reached XP level 8. HP: 48/53 MP: 4/14
  6962 | D:5      | Reached skill level 1 in Polearms
  6962 | D:5      | Reached skill level 4 in Conjurations
  7719 | D:6      | Reached skill level 2 in Armour
  7719 | D:6      | Reached skill level 3 in Stealth
  7719 | D:6      | Reached skill level 6 in Air Magic
  8142 | D:6      | Learned a level 4 spell: Airstrike
  8438 | D:6      | Noticed Menkaure
  8620 | D:6      | Reached skill level 3 in Dodging
  8692 | D:6      | You pick up a book of Winter and begin reading...
  8692 | D:6      | You add the spells Ozocubu's Armour, Metabolic Englaciation
                  | and Simulacrum to your library.
  8813 | D:6      | Noticed Blork the orc
  8823 | D:6      | Killed Blork the orc
  9078 | D:6      | Reached skill level 5 in Spellcasting
  9078 | D:6      | Reached skill level 7 in Air Magic
  9078 | D:6      | Reached XP level 9. HP: 46/58 MP: 4/16
  9382 | D:7      | Found a staircase to the Ecumenical Temple.
  9416 | Temple   | Entered the Ecumenical Temple
  9574 | Temple   | Became a worshipper of Sif Muna the Loreminder
 10206 | D:7      | You add the spells Inner Flame and Enfeeble to your
                  | library.
 10206 | D:7      | Got the Almanac of Hexes
 10292 | D:7      | Reached skill level 6 in Spellcasting
 10485 | D:7      | Reached skill level 8 in Air Magic
 10939 | D:7      | You pick up a book of Weapons and begin reading...
 10939 | D:7      | You add the spells Portal Projectile, Excruciating Wounds
                  | and Blade Hands to your library.
 11100 | D:7      | You pick up a book of Air and begin reading...
 11278 | D:7      | Found a stormy altar of Qazlal.
 11341 | D:8      | Reached skill level 1 in Fighting
 11579 | D:8      | Noticed a two-headed ogre
 11629 | D:8      | Reached * piety under Sif Muna
 11852 | D:8      | Killed a two-headed ogre
 11853 | D:8      | Reached skill level 9 in Air Magic
 11853 | D:8      | Reached skill level 2 in Invocations
 11853 | D:8      | Reached XP level 10. HP: 40/65 MP: 6/20
 12771 | D:7      | Reached skill level 10 in Air Magic
 13044 | D:8      | Found an ancient bone altar of Kikubaaqudgha.
 13044 | D:8      | Found a hazy altar of Hepliaklqana.
 13044 | D:8      | Found a basalt altar of Yredelemnul.
 13071 | D:8      | Found a glowing silver altar of Zin.
 13198 | D:8      | Reached skill level 7 in Spellcasting
 15079 | D:9      | Found a sacrificial altar of Ru.
 15386 | D:9      | Noticed a boulder beetle
 15641 | D:9      | Found a shimmering altar of Xom.
 15944 | D:10     | Entered Level 10 of the Dungeon
 15949 | D:10     | Reached skill level 3 in Invocations
 15953 | D:9      | Reached XP level 11. HP: 68/72 MP: 2/22
 16162 | D:10     | Found a shadowy altar of Dithmenos.
 16209 | D:10     | Noticed a death yak
 16210 | D:10     | You pick up a book of Sloth and begin reading...
 16210 | D:10     | You add the spells Petrify and Statue Form to your library.
 16218 | D:10     | Noticed a two-headed ogre
 16253 | D:10     | Killed a two-headed ogre
 16254 | D:10     | Reached skill level 8 in Spellcasting
 16254 | D:10     | Reached skill level 11 in Air Magic
 16409 | D:10     | Noticed a death yak
 16432 | D:10     | Noticed a death yak
 16476 | D:10     | HP: 16/72 [killer bee (6)]
 16708 | D:9      | magus.rc [v1.9.6]
 16710 | D:10     | Found a staircase to the Lair.
 16754 | D:10     | You add the spells Tukima's Dance, Passage of Golubria and
                  | Yara's Violent Unravelling to your library.
 16849 | D:10     | Noticed a death yak
 16850 | D:10     | Noticed a death yak
 16850 | D:10     | Noticed a death yak
 16929 | D:9      | Reached skill level 1 in Shields
 16981 | D:9      | Killed a death yak
 17126 | D:9      | HP: 14/72 [death yak (18)]
 17338 | D:10     | Noticed a red ugly thing
 17534 | D:10     | Noticed a death yak
 17644 | D:10     | Reached skill level 4 in Invocations
 17782 | D:10     | Found a staircase to the Orcish Mines.
 17975 | D:10     | Reached ** piety under Sif Muna
 17979 | D:10     | HP: 18/72 [poisoned by a killer bee]
 18334 | D:10     | Noticed a two-headed ogre
 18752 | D:9      | Killed a death yak
 19005 | D:10     | Killed a death yak
 19006 | D:10     | Reached skill level 2 in Fighting
 19006 | D:10     | Reached skill level 12 in Air Magic
 19946 | D:10     | Reached skill level 4 in Stealth
 20387 | D:11     | Reached skill level 9 in Spellcasting
 20388 | D:11     | Noticed Urug
 20602 | D:11     | Killed Urug
 20603 | D:11     | Reached XP level 12. HP: 73/78 MP: 7/25
 20672 | D:11     | Reached skill level 5 in Invocations
 20676 | D:11     | Noticed a seven-headed hydra
 20783 | D:11     | Killed a seven-headed hydra
 20818 | D:11     | You pick up a book of Spatial Translocations and begin
                  | reading...
 20818 | D:11     | You add the spells Blink and Manifold Assault to your
                  | library.
 20822 | D:11     | Learned a level 2 spell: Blink
 20826 | D:11     | Learned a level 3 spell: Inner Flame
 20837 | D:11     | You pick up a book of Touch and begin reading...
 20837 | D:11     | You add the spells Sticky Flame and Dispel Undead to your
                  | library.
 20843 | D:11     | Learned a level 4 spell: Sticky Flame
 21074 | D:12     | Noticed Gastronok
 21201 | D:12     | Reached skill level 13 in Air Magic
 21494 | D:12     | Killed Gastronok
 21495 | D:12     | Reached skill level 5 in Conjurations
 21495 | D:12     | Reached skill level 1 in Hexes
 21495 | D:12     | Reached skill level 1 in Translocations
 21495 | D:12     | Reached skill level 1 in Fire Magic
 21768 | D:10     | Killed a two-headed ogre
 22025 | D:9      | Killed a death yak
 22258 | D:9      | Killed a boulder beetle
 22259 | D:9      | Reached skill level 2 in Hexes
 22623 | Lair:1   | Entered Level 1 of the Lair of Beasts
 22631 | D:10     | HP: 19/78 [poisoned by a black mamba]
 22631 | D:10     | HP: 1/78 [black mamba (9)]
 22636 | D:10     | HP: 18/78 [/static electricity (3)]
 22636 | D:10     | HP: 7/78 [death yak (12)]
 22762 | D:8      | magus.rc [v1.9.6]
 22844 | D:10     | Killed a death yak
 22845 | D:10     | Reached skill level 3 in Armour
 22845 | D:10     | Reached skill level 2 in Translocations
 22989 | D:10     | Reached skill level 6 in Invocations
 23075 | Lair:1   | Noticed a seven-headed hydra
 23202 | D:10     | Killed a seven-headed hydra
 23203 | D:10     | Reached skill level 2 in Fire Magic
 23238 | Lair:1   | Reached skill level 10 in Spellcasting
 23238 | Lair:1   | Reached XP level 13. HP: 83/83 MP: 18/27
 23433 | Lair:1   | Found a runed translucent door.
 23440 | Lair:1   | Identified the amulet "Zevuithro" {Reflect rC+ rCorr SH+5}
 23534 | Lair:1   | Found a runed translucent door.
 23534 | Lair:1   | Noticed zeratav's ghost (journeyman MiBe)
 23671 | Lair:1   | Reached skill level 3 in Hexes
 25277 | Lair:1   | HP: 16/83 [tyrant leech (9)]
 25280 | Lair:1   | Killed from afar by a swamp worm

Vanquished Creatures
  Gastronok (D:12)
  2 hydras
  A boulder beetle (D:9)
  3 two-headed ogres
  5 death yaks
  Urug (D:11)
  A deep elf pyromancer (D:12)
  A manticore (D:12)
  A black mamba (D:10)
  A kobold demonologist (D:12)
  A komodo dragon (Lair:1)
  An unseen horror (D:11)
  4 trolls
  3 blink frogs
  2 shadows (D:12)
  27 yaks
  4 steam dragons
  A wyvern (D:11)
  A swamp worm (Lair:1)
  3 acid dragons
  2 water moccasins
  A sky beast (D:7)
  A black bear (D:5)
  An ice beast (D:7)
  3 orc warriors
  2 necrophages
  An ogre (D:6)
  3 wolves
  6 centaurs
  Blork the orc (D:6)
  2 kobold brigands
  2 bullfrogs
  2 gnoll sergeants
  2 scorpions (D:5)
  2 water moccasin skeletons
  24 killer bees
  3 wights (D:10)
  An electric eel (D:9)
  6 howler monkeys
  4 crimson imps (D:9)
  5 orc priests
  2 hounds
  3 centaur zombies
  2 bullfrog zombies
  5 iguanas
  2 bullfrog skeletons
  Jessica (D:2)
  9 orc wizards
  A howler monkey zombie (D:9)
  5 adders
  12 gnolls
  2 white imps (D:7)
  2 ufetubi (D:5)
  2 worms (D:5)
  A dart slug (D:2)
  40 orcs
  5 endoplasms
  2 giant cockroaches
  7 hobgoblins
  4 quokkas
  7 ball pythons
  3 bats
  A frilled lizard (D:1)
  5 goblins
  14 kobolds
  10 rats
285 creatures vanquished.

Vanquished Creatures (others)
  An orc (D:5)
  3 fungi (Lair:1)
  5 plants (Lair:1)
  2 withered plants (Lair:1)
11 creatures vanquished.

Grand Total: 296 creatures vanquished

Table legend:
 A = Non-vault XP
 B = Vault XP
 C = Vault XP percentage of total XP
 D = Non-vault monster count
 E = Vault monster count
 F = Vault count percentage of total count
                 A         B        C        D         E       F
            +---------+---------+-------+---------+---------+-------
      Total |   23846 |    7420 |  23.7 |     255 |      30 |  10.5
            +---------+---------+-------+---------+---------+-------
        D:1 |      39 |       0 |   0.0 |      19 |       0 |   0.0
        D:2 |      35 |      37 |  51.4 |       6 |       1 |  14.3
        D:3 |      55 |       0 |   0.0 |      23 |       0 |   0.0
        D:4 |     192 |       0 |   0.0 |      16 |       0 |   0.0
        D:5 |     791 |       6 |   0.8 |      24 |       2 |   7.7
        D:6 |    1093 |      94 |   7.9 |      19 |       1 |   5.0
        D:7 |    1226 |       0 |   0.0 |      22 |       0 |   0.0
        D:8 |    2430 |       0 |   0.0 |      28 |       0 |   0.0
        D:9 |    2305 |    2727 |  54.2 |      24 |      12 |  33.3
       D:10 |    8062 |    2162 |  21.1 |      34 |      11 |  24.4
       D:11 |    2549 |     784 |  23.5 |      13 |       1 |   7.1
       D:12 |    2143 |    1445 |  40.3 |       9 |       1 |  10.0
     Temple |     105 |       0 |   0.0 |       4 |       0 |   0.0
     Lair:1 |    2821 |     165 |   5.5 |      14 |       1 |   6.7
            +---------+---------+-------+---------+---------+-------

Illustrated notes

Table legend:
 A = Kills in this place as a percentage of kills in entire the game.
 B = Kills by you in this place as a percentage of kills by you in the entire game.
 C = Kills by friends in this place as a percentage of kills by friends in the entire game.
 D = Other kills in this place as a percentage of other kills in the entire game.
 E = Experience gained in this place as a percentage of experience gained in the entire game.
 F = Experience gained in this place divided by the number of levels of this place that you have seen.
                   A       B       C       D       E      F
               +-------+-------+-------+-------+-------+----------------------
         Total | 100.0 | 100.0 |   N/A |   N/A | 100.0 | 2233.3
       Dungeon |  93.3 |  93.3 |   N/A |   N/A |  90.1 | 2347.9
        Temple |   1.4 |   1.4 |   N/A |   N/A |   0.3 | 105.0
          Lair |   5.3 |   5.3 |   N/A |   N/A |   9.6 | 2986.0
               +-------+-------+-------+-------+-------+----------------------

Table legend: (Time is in decaauts)
 A = Elapsed time spent in this place.
 B = Non-inter-level travel time spent in this place.
 C = Inter-level travel time spent in this place.
 D = Time resting spent in this place.
 E = Time spent auto-exploring this place.
 F = Levels seen in this place.
 G = Mean time per level.
                   A        B        C        D        E       F      G
               +--------+--------+--------+--------+--------+-----+--------+
         Total |  25357 |  24162 |   1195 |   7254 |  12647 |  14 | 1811.2 |
       Dungeon |  23239 |  22078 |   1161 |   6406 |  11837 |  12 | 1936.6 |
        Temple |    620 |    608 |     12 |    426 |    146 |   1 |  620.0 |
          Lair |   1497 |   1475 |     22 |    422 |    664 |   1 | 1497.0 |
               +--------+--------+--------+--------+--------+-----+--------+

Top non-repeatable levels by time:
     D:9: 4331 daAuts
    D:10: 4251 daAuts
     D:5: 2413 daAuts
     D:8: 2145 daAuts
     D:6: 1753 daAuts
     D:3: 1719 daAuts
     D:7: 1525 daAuts
  Lair:1: 1497 daAuts
     D:1: 1420 daAuts
     D:2: 1098 daAuts
     D:4: 1075 daAuts
    D:11: 757 daAuts
    D:12: 747 daAuts
  Temple: 620 daAuts
